 Dungeon Crawl Stone Soup version 0.30-b1-2-g02819fbbbe (webtiles) character file.

Game seed: 5571923363272115534

28716 raph the Carver (level 13, -5/100 HPs)
             Began as a Human Cinder Acolyte on Jan 4, 2024.
             Was an Initiate of Ignis.
             Slain by Snorg (22 damage)
             ... on level 11 of the Dungeon.
             The game lasted 00:39:33 (25314 turns).

raph the Carver (Human Cinder Acolyte)             Turns: 25314, Time: 00:39:33

Health: -5/100     AC: 16    Str: 22    XL:     13   Next: 75%
Magic:  15/23      EV: 20    Int: 14    God:    Ignis [......]
Gold:   586        SH:  0    Dex: 15    Spells: 3/25 levels left

rFire   + . .        a - +3 scimitar
rCold   . . .        (no shield)
rNeg    . . .        T - +0 acid dragon scales
rPois   .            y - +1 hat
rElec   .            o - +1 cloak
rCorr   +            i - +2 pair of gloves
SInv    .            P - +0 pair of boots
Will    .....        x - amulet of the Eleven Hosts {Acrobat Regen+ Dex+2}
Stlth   +            u - +6 ring of strength
HPRegen 1.16/turn    w - +5 ring of evasion
MPRegen 0.18/turn

%: acrobat
@: no status effects
A: no striking features
a: Renounce Religion


You were on level 11 of the Dungeon.
You worshipped Ignis.
Ignis was noncommittal.
You visited 4 branches of the dungeon, and saw 18 of its levels.

You collected 1214 gold pieces.
You spent 628 gold pieces at shops.

Inventory:

Hand Weapons
 a - a +3 scimitar (weapon)
 b - a -1 falchion of flaming
Missiles
 j - 3 throwing nets (quivered)
 C - 10 curare-tipped darts
Armour
 i - a +2 pair of gloves (worn)
 o - a +1 cloak (worn)
 y - a +1 hat (worn)
 M - a +2 leather armour of poison resistance
 P - a +0 pair of boots (worn)
 Q - +0 steam dragon scales
 R - the +1 leather armour of Okawaru's Approval {rC+ Will- rCorr Dex+3}
   (You bought it in a shop on level 11 of the Dungeon)

   Dex:       It affects your dexterity (+3).
   rC:        It protects you from cold.
   rCorr:     It protects you from acid and corrosion.
   Will:      It decreases your willpower.
 T - +0 acid dragon scales (worn)
Magical Staves
 c - a staff of death
Jewellery
 k - a ring of magical power
 u - a +6 ring of strength (left hand)
 w - a +5 ring of evasion (right hand)
 x - the amulet of the Eleven Hosts (around neck) {Acrobat Regen+ Dex+2}
   (You bought it in a shop on level 4 of the Dungeon)

   [amulet of the acrobat]

   It increases your evasion while moving and waiting.
   Dex:       It affects your dexterity (+2).
   Regen:     It increases your rate of health regeneration.
 H - a ring of protection from cold
 L - a +6 ring of strength
 S - a +5 ring of evasion
Wands
 p - a wand of quicksilver (4)
 z - a wand of mindburst (13)
 A - a wand of iceblast (4)
 D - a wand of digging (8)
 I - a wand of charming (4)
Scrolls
 d - 5 scrolls of immolation
 g - a scroll of poison
 q - 8 scrolls of teleportation
 t - 3 scrolls of magic mapping
 E - 2 scrolls of blinking
 G - 3 scrolls of identify
 K - a scroll of amnesia
 O - a scroll of silence
Potions
 e - a potion of magic
 f - 3 potions of flight
 h - 2 potions of berserk rage
 l - a potion of attraction
 m - 2 potions of mutation
 n - 2 potions of brilliance
 r - 3 potions of lignification
 s - 8 potions of curing
 v - 2 potions of ambrosia
 B - 4 potions of haste
 F - a potion of cancellation
 N - 4 potions of heal wounds
Miscellaneous
 J - a phial of floods


   Skills:
 + Level 8.8 Fighting
 * Level 11.9 Long Blades
 + Level 8.0 Armour
 + Level 8.1 Dodging
 + Level 6.7 Spellcasting
 * Level 5.9 Conjurations
 + Level 6.1 Summonings
 + Level 7.3 Fire Magic
 - Level 3.0 Evocations


You had 3 spell levels left.
You knew the following spells:

 Your Spells              Type           Power      Damage    Failure   Level
a - Scorch                Fire           50%        2d7       1%          2
b - Passwall              Tmut/Erth      3%         N/A       26%         2
d - Summon Small Mammal   Summ           88%        N/A       1%          1
e - Fireball              Conj/Fire      11%        3d7       32%         5
f - Summon Guardian Gole  Hex/Summ       13%        N/A       16%         3
q - Call Imp              Summ           44%        N/A       2%          2
r - Mephitic Cloud        Conj/Pois/Air  10%        N/A       24%         3
s - Call Canine Familiar  Summ           22%        N/A       4%          3
z - Foxfire               Conj/Fire      92%        2x1d8     1%          1

Your spell library contained the following spells:

 Spells                   Type           Power      Damage    Failure   Level
 Magic Dart               Conj           84%        1d7       1%          1
 Stone Arrow              Conj/Erth      26%        3d8       16%         3
 Sandblast                Erth           8%         2d5       19%         1
 Sting                    Tmut/Pois      16%        1d3       19%         1
 Ignite Poison            Fire/Tmut/Pois 11%        N/A       21%         3
 Cigotuvi's Dreadful Rot  Necr/Pois/Air  8%         N/A       26%         2
 Lesser Beckoning         Tloc           8%         N/A       26%         2
 Poisonous Vapours        Pois/Air       8%         N/A       26%         2
 Gell's Gravitas          Tloc           4%         N/A       47%         3
 Portal Projectile        Hex/Tloc       8%         N/A       47%         3
 Teleport Other           Tloc           4%         N/A       47%         3
 Tukima's Dance           Hex            4%         N/A       47%         3
 Vhi's Electric Charge    Tloc/Air       8%         N/A       47%         3
 Arcjolt                  Conj/Air       6%         1d16      82%         5
 Leda's Liquefaction      Hex/Erth       2%         N/A       87%         4
 Olgreb's Toxic Radiance  Pois           4%         N/A       87%         4
 Passage of Golubria      Tloc           4%         N/A       87%         4
 Starburst                Conj/Fire      11%        6d5       87%         6
 Freezing Cloud           Conj/Ice/Air   5%         6-21      91%         5
 Yara's Violent Unravell  Hex/Tmut       2%         3d3       99%         5
 Plasma Beam              Fire/Air       7%         2x1d19    99%         6
 Maxwell's Capacitive Co  Air            2%         ∞         100%        8


Dungeon Overview and Level Annotations

Branches:
Dungeon (11/15)            Temple (1/1) D:4            Lair (5/5) D:9
 Shoals (0/4) Lair:2        Snake (0/4) Lair:3          Orc (1/2) D:11
  Slime: Lair:4-5

Altars:
Ashenzari
Cheibriados
Dithmenos
Elyvilon
Fedhas
Gozag
Hepliaklqana
Kikubaaqudgha
Makhleb
Nemelex Xobeh
Okawaru
Qazlal
Ru
Sif Muna
Trog
Uskayaw
Vehumet
Wu Jian
Xom
Yredelemnul
Zin
The Shining One

Shops:
D:4 =   D:11 [

Annotations:
D:7 3 runed translucent doors, Termiter's ghost, novice DsNe
D:8 1 runed translucent door, raph's ghost, journeyman HOFi
D:11 Josephine; Snorg
Lair:5 Rupert


Message History

The orc closely misses you. Snorg misses you.
Snorg claws you but does no damage. Snorg misses you.
You closely miss Snorg.
Snorg is severely wounded.
Snorg bites you!
Snorg misses you. x2; The orc misses you.
Casting: Call Imp (safe; 2% risk of failure)
Confirm with . or Enter, or press ? or * to list all spells.
Flames lash Snorg.
Snorg is almost dead.
Snorg's fire resistance burns away.
Snorg bites you but does no damage. Snorg closely misses you.
Snorg claws you but does no damage. The orc misses you.
Casting: Scorch (safe; 1% risk of failure)
Confirm with . or Enter, or press ? or * to list all spells.
Flames lash the orc.
The orc is heavily wounded.
The orc's fire resistance burns away.
Snorg bites you!!
* * * LOW HITPOINT WARNING * * *
Snorg barely misses you. Snorg claws you but does no damage. Snorg bites you!
* * * LOW HITPOINT WARNING * * *
Snorg completely misses you. Snorg misses you. The orc misses you.
Casting: Scorch (safe; 1% risk of failure)
Confirm with . or Enter, or press ? or * to list all spells.
Flames lash the orc.
The orc is burned terribly!
You kill the orc!
Snorg closely misses you. Snorg completely misses you.
Snorg claws you but does no damage.
You closely miss Snorg.
Snorg is almost dead.
Snorg bites you.
* * * LOW HITPOINT WARNING * * *
Snorg completely misses you. Snorg claws you but does no damage.
Casting: Scorch (safe; 1% risk of failure)
Confirm with . or Enter, or press ? or * to list all spells.
Flames lash Snorg.
Snorg is burned terribly!
Snorg is almost dead.
Snorg misses you. Snorg closely misses you. Snorg claws you.
* * * LOW HITPOINT WARNING * * *
Snorg bites you!!
You die...

### ### ### #
#######.###8###8###
#≈§§§#...#...#...#.
#§§§§#.............
#§@T.'...........).
#§§..#.............
#≈≈≈.#...#...#...#.
#######8###8###.###
###############
#...'....#.#.#.
#...##...#.#.##
###..<.@...#.#.#
#........#.#.#.##


You could see Snorg (berserk, very poisoned, combustible).

Vanquished Creatures
  3 hydras
  A boulder beetle (D:11)
  A two-headed ogre (D:8)
  The ghost of raph the Arsonist, a journeyman DEFE of Gozag (D:10)
  A skyshark (Lair:3)
  A harpy (Lair:2)
  A necromancer (Lair:3)
  A black mamba (Lair:1)
  6 elephants
  4 cane toads
  2 gargoyles (D:11)
  An unseen horror (D:11)
  A kobold demonologist (D:8)
  10 komodo dragons
  3 trolls
  4 polar bears
  Prince Ribbit (D:7)
  12 blink frogs
  3 wyverns
  Sigmund (D:3)
  12 yaks
  A vampire (D:11)
  3 wraiths
  Eustachio (D:4)
  2 steam dragons
  A basilisk (D:6)
  3 nagas
  An acid dragon (D:11)
  16 water moccasins
  6 orc warriors
  3 black bears
  An ice beast (D:7)
  3 elephant zombies (Lair:3)
  3 centaurs
  An ogre (D:6)
  3 phantoms
  A komodo dragon zombie (Lair:3)
  9 bullfrogs
  14 kobold brigands
  4 scorpions
  2 gnoll sergeants
  5 killer bees (D:9)
  2 electric eels
  5 howler monkeys
  A lava snake (D:9)
  2 hounds
  A basilisk zombie (Lair:3)
  2 centaur zombies (D:10)
  4 jellies
  9 orc priests
  2 gnoll boudas
  7 iguanas
  2 sleepcaps
  6 orc wizards
  15 gnolls
  5 adders
  4 white imps
  2 ufetubi
  An adder skeleton (D:2)
  3 dart slugs
  19 orcs
  3 bats
  2 bat skeletons (D:2)
  6 endoplasms
  4 giant cockroaches
  2 goblins
  3 hobgoblins
  4 quokkas
  7 ball pythons
  A ball python zombie (D:2)
  5 frilled lizards
  A giant cockroach zombie (D:2)
  30 kobolds
  3 rats
316 creatures vanquished.

Vanquished Creatures (collateral kills)
  A gargoyle (D:11)
  A cane toad (Lair:3)
  A blink frog (Lair:4)
  A wyvern (Lair:3)
  A wraith (D:10)
  A yak (Lair:3)
  A water moccasin (Lair:3)
  A bullfrog (Lair:4)
  2 gnolls (D:11)
  A butterfly (Lair:1)
  2 foxfires (Lair:3)
13 creatures vanquished.

Vanquished Creatures (others)
  224 foxfires
  17 fungi
  21 plants
262 creatures vanquished.

Grand Total: 591 creatures vanquished

Notes
Turn   | Place    | Note
-------+----------+-------------------------------------------
     0 | D:1      | raph the Human Cinder Acolyte began the quest for the Orb.
     0 | D:1      | Reached XP level 1. HP: 18/18 MP: 2/2
   194 | D:1      | Reached XP level 2. HP: 21/24 MP: 3/3
   684 | D:1      | Learned a level 2 spell: Scorch
  1253 | D:2      | Reached XP level 3. HP: 23/29 MP: 3/5
  2091 | D:3      | Reached XP level 4. HP: 35/35 MP: 6/6
  2109 | D:3      | Noticed Sigmund
  2567 | D:3      | Killed Sigmund
  2568 | D:3      | Reached skill level 4 in Long Blades
  2568 | D:3      | Reached skill level 1 in Armour
  2568 | D:3      | Reached skill level 1 in Dodging
  2568 | D:3      | Reached XP level 5. HP: 41/41 MP: 6/8
  2568 | D:3      | Reached XP level 6. HP: 47/47 MP: 6/9
  2919 | D:4      | Found a broken altar of Ashenzari.
  2974 | D:4      | Found Gexuacuv's Jewellery Boutique.
  3033 | D:4      | Found a staircase to the Ecumenical Temple.
  3465 | D:4      | Noticed Eustachio
  3491 | D:4      | Killed Eustachio
  3492 | D:4      | Reached XP level 7. HP: 23/53 MP: 10/10
  4341 | D:4      | Reached skill level 5 in Long Blades
  4446 | D:5      | Entered Level 5 of the Dungeon
  4621 | D:5      | Reached XP level 8. HP: 60/60 MP: 7/12
  5322 | Temple   | Entered the Ecumenical Temple
  5737 | D:6      | Reached skill level 6 in Long Blades
  5883 | D:6      | Noticed a basilisk
  5889 | D:6      | Killed a basilisk
  5890 | D:6      | Reached skill level 5 in Fighting
  5890 | D:6      | Reached skill level 5 in Fire Magic
  5890 | D:6      | Reached XP level 9. HP: 63/68 MP: 6/13
  6628 | D:7      | Noticed Prince Ribbit
  6655 | D:7      | HP: 2/68 [wyvern (11)]
  6658 | D:7      | Reached skill level 7 in Long Blades
  6663 | D:7      | Killed Prince Ribbit
  6923 | D:7      | Found a faded altar of an unknown god.
  7397 | D:7      | Noticed Termiter's ghost (novice DsNe)
  7420 | D:7      | Found a runed translucent gate.
  7420 | D:7      | Found a runed translucent gate.
  7420 | D:7      | Found a runed translucent gate.
  7544 | D:7      | Learned a level 2 spell: Call Imp
  7899 | D:4      | Bought the amulet of the Eleven Hosts {Acrobat Regen+
                  | Dex+2} for 453 gold pieces
  8055 | D:8      | Reached XP level 10. HP: 72/76 MP: 10/15
  8066 | D:8      | Reached skill level 1 in Summonings
  8130 | D:8      | Found a runed translucent door.
  8134 | D:8      | Identified the +3 trident "Quurch" {venom, Dex+4}
  8137 | D:8      | Noticed raph's ghost (journeyman HOFi)
  8153 | D:8      | Reached skill level 8 in Long Blades
  8153 | D:8      | Reached skill level 5 in Armour
  8305 | D:8      | Noticed a kobold demonologist
  8345 | D:7      | Reached skill level 5 in Dodging
  8629 | D:8      | Noticed an orange demon
  8630 | D:8      | Noticed an orange demon
  8630 | D:8      | Killed a kobold demonologist
  9921 | D:9      | Noticed a two-headed ogre
  9936 | D:8      | Killed a two-headed ogre
 10181 | D:9      | Reached skill level 9 in Long Blades
 10800 | D:9      | Reached XP level 11. HP: 17/83 MP: 17/17
 11337 | D:9      | Found a staircase to the Lair.
 11611 | Lair:1   | Entered Level 1 of the Lair of Beasts
 11639 | Lair:1   | Noticed a five-headed hydra
 11649 | Lair:1   | Killed a three-headed hydra
 11780 | Lair:1   | Reached skill level 1 in Evocations
 12458 | D:10     | Entered Level 10 of the Dungeon
 12563 | D:9      | Reached skill level 5 in Spellcasting
 13691 | Lair:1   | Reached skill level 10 in Long Blades
 14655 | Lair:2   | Learned a level 1 spell: Foxfire
 14661 | Lair:2   | Learned a level 5 spell: Fireball
 14685 | Lair:2   | Learned a level 3 spell: Mephitic Cloud
 14871 | Lair:2   | Found a staircase to the Shoals.
 14871 | Lair:2   | Noticed a harpy
 14880 | Lair:2   | Killed a harpy
 14881 | Lair:2   | Reached skill level 1 in Conjurations
 14881 | Lair:2   | Reached XP level 12. HP: 81/91 MP: 9/20
 16295 | Lair:3   | Found a staircase to the Snake Pit.
 16393 | Lair:3   | Learned a level 3 spell: Call Canine Familiar
 16638 | Lair:3   | Noticed a skyshark
 16650 | Lair:3   | Noticed a seven-headed hydra
 17019 | Lair:3   | Killed a skyshark
 17460 | Lair:3   | Killed a four-headed hydra
 17723 | Lair:3   | Reached skill level 5 in Summonings
 18997 | Lair:4   | Learned a level 2 spell: Passwall
 19570 | Lair:4   | Reached skill level 11 in Long Blades
 20158 | Lair:4   | Learned a level 1 spell: Summon Small Mammal
 20168 | Lair:4   | Learned a level 3 spell: Summon Guardian Golem
 20262 | Lair:4   | Reached XP level 13. HP: 83/98 MP: 18/22
 20519 | Lair:5   | Entered Level 5 of the Lair of Beasts
 20738 | Lair:5   | Noticed a five-headed hydra
 20791 | Lair:5   | Noticed Rupert
 21492 | Lair:4   | Killed a one-headed hydra
 21775 | Lair:4   | Reached skill level 5 in Conjurations
 22829 | D:10     | Found a runed translucent gate.
 22829 | D:10     | Found a runed translucent gate.
 22829 | D:10     | Found a runed translucent gate.
 22829 | D:10     | Noticed raph's ghost (journeyman DEFE)
 22831 | D:10     | Found a basalt altar of Yredelemnul.
 22928 | D:10     | Killed raph's ghost
 23580 | D:10     | Found a snail-covered altar of Cheibriados.
 24244 | D:11     | Found Sabeil's Antique Armour Emporium.
 24252 | D:11     | Bought a slimy leather armour for 175 gold pieces
 24252 | D:11     | Identified the +1 leather armour of Okawaru's Approval {rC+
                  | Will- rCorr Dex+3} (You bought it in a shop on level 11 of
                  | the Dungeon)
 24434 | D:11     | Noticed Josephine
 24927 | D:11     | Found a bloodstained altar of Trog.
 25120 | D:11     | Found a staircase to the Orcish Mines.
 25294 | Orc:1    | Entered Level 1 of the Orcish Mines
 25294 | Orc:1    | Noticed Snorg
 25314 | D:11     | Slain by Snorg

Illustrated notes

Levels and vault maps discovered:
D:1:      scummos_arrival_hexagon, layout_basic
D:2:      layout_rooms, serial_undead, serial_undead_d, serial_undead_a,
          serial_undead_d, serial_undead_e
D:3:      layout_loops_ring, grunt_ministairs_2, uniq_sigmund
D:4:      minmay_razor_zed, layout_basic, ashenzari_conservatory_becter,
          minmay_temple_entry_from_below_a, serial_shops,
          nicolae_shop_real_fake_doors, uniq_eustachio
D:5:      layout_rooms
D:6:      layout_loops_ring, serial_rivers, chequers_serial_rivers_micro_e,
          chequers_serial_rivers_small_3, chequers_serial_rivers_large_b,
          chequers_serial_rivers_large_a
D:7:      layout_cave_pools, gammafunk_ghost_icy, serial_column_ruins,
          column_ruins_temple_circle, column_ruins_hut_pillars,
          column_ruins_columns_water, column_ruins_columns_straight,
          column_ruins_grid_1, column_ruins_columns_straight,
          column_ruins_grid_3, column_ruins_open_small, minmay_crossroads,
          uniq_prince_ribbit1
D:8:      layout_rooms, ebering_ghost_funeral_grove, special_room
          [special_room_kobold]
D:9:      layout_grid_maze, dpeg_oklobed_lair, kennysheep_decorative_pillar
D:10:     layout_gridville, nicolae_yredelemnul_ghost_church,
          cheibriados_altar_1, ebering_dispersal_statue_hall
D:11:     layout_basic, david_orc_4, serial_shops, shop, trog_butcher_becter,
          uniq_josephine
Temple:   nicolae_temple_bog_church
Lair:1:   layout_cave_pods, pond, grunt_megastairs_1, lemuel_fruit_fields
Lair:2:   layout_cave_shapes, nicolae_shoals_entry_roost,
          gammafunk_lair_bear_cave
Lair:3:   pond_and_an_island_with_a_cottage, layout_small_grid,
          minmay_snake_entry_guardpost_small, minmay_hedge_maze
Lair:4:   layout_misc_corridors, grunt_megastairs_3
Lair:5:   due_jungle_book, layout_misc_corridors, dpeg_slime_entry_enclosed,
          uniq_rupert
Orc:1:    giant_chief_lemuel, layout_diamond_mine,
          hellmonk_ghost_happy_afterlife, uniq_snorg

Skill      XL: |  1  2  3  4  5  6  7  8  9 10 11 12 13 |
---------------+----------------------------------------+-----
Long Blades    | 4 5 6 7 9 10 11 | 11.9
Armour         | 1 2 3 4 5 6 7 8 |  8.0
Dodging        | 1 2 3 4 5 6 7 8 |  8.1
Spellcasting   | 2 3 4 5 6 |  6.7
Fire Magic     | 4 5 6 7 |  7.3
Fighting       | 4 5 6 7 8 |  8.8
Summonings     | 3 4 5 6 |  6.1
Evocations     | 3 |  3.0
Conjurations   | 1 4 5 |  5.9

Action                     |  1- 3 |  4- 6 |  7- 9 | 10-12 | 13-15 || total
---------------------------+-------+-------+-------+-------+-------++-------
  Melee: Falchion          |    79 |       |       |    20 |    10 ||   109
         Punch             |     1 |       |     2 |     4 |     3 ||    10
         Scimitar          |    15 |    42 |   210 |   482 |   278 ||  1027
  Throw: Dart              |       |       |       |       |     4 ||     4
   Cast: Scorch            |     2 |     3 |    62 |   215 |    77 ||   359
         Call Imp          |       |       |       |    27 |    12 ||    39
         Foxfire           |       |       |       |    60 |    25 ||    85
         Call Canine Famil |       |       |       |    15 |    11 ||    26
         Summon Small Mamm |       |       |       |     2 |     2 ||     4
 Invoke: Foxfire Swarm     |       |     1 |     2 |     1 |       ||     4
         Fiery Armour      |       |     1 |     4 |     2 |       ||     7
         Rising Flame      |       |       |       |     1 |       ||     1
  Evoke: Wand              |       |       |     1 |     3 |     5 ||     9
    Use: Scroll            |     9 |     4 |    10 |     7 |     3 ||    33
         Potion            |       |       |     2 |     3 |       ||     5
   Stab: Distracted        |       |       |       |     3 |     3 ||     6
 Armour: Robe              |     5 |       |       |       |       ||     5
         Ring mail         |    60 |    48 |   113 |   149 |       ||   370
         Leather armour    |       |       |       |    60 |    87 ||   147
         Steam dragon scal |       |       |       |       |    25 ||    25
         Acid dragon scale |       |       |       |       |    17 ||    17
  Dodge: Dodged            |    83 |    57 |   252 |  1011 |   500 ||  1903
